 Dungeon Crawl Stone Soup version 0.21.0 (console) character file.

362 removed the Cutter (level 6, -1/32 HPs)
             Began as a Tengu Enchanter on Jan 5, 2018.
             Slain by an orc priest
             ... wielding a +0 dagger
              (4 damage)
             ... on level 4 of the Dungeon.
             The game lasted 00:09:20 (3606 turns).

removed the Cutter (Tengu Enchanter)                Turns: 3606, Time: 00:09:21

Health: -1/32      AC:  2    Str: 14    XL:     6   Next: 66%
Magic:  0/19       EV: 12    Int: 17    God:
Gold:   209        SH:  0    Dex: 14    Spells: 0/9 levels left

rFire    . . .     SeeInvis .   a - +2 short sword (flame)
rCold    + . .     Gourm    .   (no shield)
rNeg     . . .     Faith    .   b - +0 robe
rPois    .         Spirit   .   (helmet restricted)
rElec    .         Reflect  .   (no cloak)
rCorr    .         Harm     .   (no gloves)
MR       .....                  (boots unavailable)
Stlth    +++.......             (no amulet)
HPRegen  0.10/turn              h - ring of magical power
MPRegen  0.16/turn              t - ring of protection from cold

@: mighty, very slightly contaminated
A: beak, talons 3, able to fly 1
a: Fly


You were on level 4 of the Dungeon.
You were hungry.

You visited 1 branch of the dungeon, and saw 4 of its levels.

You collected 209 gold pieces.

Inventory:

Hand Weapons
 a - a +2 short sword of flaming (weapon)
 k - a +1 dagger
Armour
 b - a +0 robe (worn)
 v - a +2 shield
Jewellery
 h - a ring of magical power (left hand)
 m - an uncursed ring of resist corrosion
 t - a ring of protection from cold (right hand)
Scrolls
 e - 2 scrolls of remove curse {unknown}
 g - 6 scrolls of teleportation {unknown}
 i - a scroll of fear {unknown}
 j - 2 scrolls of fog {unknown}
 l - 2 scrolls of identify {unknown}
 s - a scroll of enchant armour {unknown}
 u - a scroll of amnesia {unknown}
 y - a scroll of enchant weapon {unknown}
 A - a scroll of random uselessness {unknown}
Potions
 f - a potion of lignification {unknown}
 n - a potion of might
 o - a potion of agility {unknown}
 q - 2 potions of brilliance {unknown}
 r - 2 potions of curing {unknown}
 x - a potion of flight {unknown}
 z - a potion of heal wounds {unknown}
Books
 c - a book of Maledictions

   Spells                             Type                      Level
   a - Corona                         Hexes                        1
   b - Ensorcelled Hibernation        Hexes/Ice                    2
   c - Confuse                        Hexes                        3
   d - Tukima's Dance                 Hexes                        3
   e - Dazzling Spray                 Conjuration/Hexes            3
Comestibles
 d - 6 rations


   Skills:
 - Level 4.3 Short Blades
 - Level 2.1 Dodging
 - Level 4.0 Stealth
 - Level 2.0 Spellcasting
 + Level 3.5 Hexes
 - Level 2.1 Ice Magic


You couldn't memorise any spells.
You knew the following spells:

 Your Spells              Type           Power        Failure   Level  Hunger
a - Corona                Hex            ##.....      4%          1    #......
b - Ensorcelled Hibernat  Hex/Ice        ##....       9%          2    ###....
c - Confuse               Hex            ##......     13%         3    ###....
d - Tukima's Dance        Hex            ##......     13%         3    ###....


Dungeon Overview and Level Annotations

Branches:
Dungeon (4/15)
 Temple: D:4-7

Altars:
Gozag
Zin


Innate Abilities, Weirdness & Mutations

You have a beak for a mouth.
You have claws for feet.
You can fly.


Message History

Confirm with . or Enter, or press ? or * to list all spells.
Aiming: Ensorcelled Hibernation
Press: ? - help, Shift-Dir - straight line, f/p - orc priest
Aim: an orc priest, wielding a dagger (chance to defeat MR: 42%)
You miscast Ensorcelled Hibernation.
Nothing appears to happen.
The orc priest hits you with a dagger.
* * * LOW HITPOINT WARNING * * *
Casting: Ensorcelled Hibernation
Confirm with . or Enter, or press ? or * to list all spells.
Aiming: Ensorcelled Hibernation
Press: ? - help, Shift-Dir - straight line, f/p - orc priest
Aim: an orc priest, wielding a dagger (chance to defeat MR: 42%)
The orc priest resists with some effort.
The orc priest calls down the wrath of Beogh upon you.
Pain shoots through your body!
* * * LOW HITPOINT WARNING * * *
It was a potion of might.
You feel very mighty all of a sudden. The orc priest hits you with a dagger.
You die...

. . ####### . #....(#
. #####@# . #o#
.###############.#####
..!(.....o...l.......#
.....####..#####.(####
.######....# #..# .
#....#####).#### .
#..............# #
#.......########


You could see an orc priest.

Vanquished Creatures
  A phantom (D:3)
  A bullfrog skeleton (D:4)
  A hound (D:3)
  A jelly (D:3)
  Natasha (thrice) (D:3)
  A worker ant (D:3)
  3 adders (D:3)
  2 oozes
  2 worms (D:2)
  A leopard gecko (D:4)
  3 orcs
  6 bats
  3 giant cockroaches
  2 goblins
  7 hobgoblins
  A quokka (D:3)
  4 frilled lizards
  10 kobolds
  7 rats
59 creatures vanquished.

Notes
Turn   | Place    | Note
-------+----------+-------------------------------------------
     0 | D:1      | removed the Tengu Enchanter began the quest for the Orb.
     0 | D:1      | Reached XP level 1. HP: 10/10 MP: 4/4
   559 | D:1      | Reached XP level 2. HP: 15/15 MP: 6/6
   563 | D:1      | Learned a level 2 spell: Ensorcelled Hibernation
   946 | D:2      | Reached XP level 3. HP: 19/19 MP: 7/7
   979 | D:2      | Found a glowing silver altar of Zin.
  1698 | D:3      | Noticed Natasha
  1709 | D:3      | Killed Natasha
  1709 | D:3      | Reached XP level 4. HP: 7/24 MP: 8/8
  1943 | D:3      | Learned a level 3 spell: Confuse
  1968 | D:3      | Noticed a phantom
  2017 | D:3      | Killed a phantom
  2017 | D:3      | Gained mutation: You can fly. [Tengu growth]
  2017 | D:3      | Reached XP level 5. HP: 28/28 MP: 9/9
  2150 | D:3      | Noticed Natasha
  2166 | D:3      | Killed Natasha
  2429 | D:3      | Found an opulent altar of Gozag.
  2559 | D:3      | Reached skill level 1 in Ice Magic
  2559 | D:3      | Reached XP level 6. HP: 32/32 MP: 10/10
  3107 | D:3      | Learned a level 3 spell: Tukima's Dance
  3109 | D:4      | Noticed a phantom
  3137 | D:3      | Noticed Natasha
  3148 | D:3      | Killed Natasha
  3606 | D:4      | Slain by an orc priest

Skill      XL: |  1  2  3  4  5  6 |
---------------+-------------------+-----
Short Blades   | 2 3 4 |  4.3
Hexes          | 3 |  3.5
Ice Magic      | 1 2 |  2.1
Stealth        | 4 |  4.0
Dodging        | |  2.1
Spellcasting   | |  2.0

Action                   |  1- 3 |  4- 6 || total
-------------------------+-------+-------++-------
Melee: Dagger            |    34 |       ||    34
       Kick              |     9 |    15 ||    24
       Peck              |     7 |     2 ||     9
       Short sword       |    37 |    59 ||    96
 Cast: Ensorcelled Hiber |    14 |    29 ||    43
       Confuse           |       |    13 ||    13
 Abil: Fly               |       |     1 ||     1
  Use: Potion            |       |     1 ||     1
 Stab: Sleeping          |    12 |     8 ||    20
       Confused          |       |     3 ||     3
  Eat: Chunk             |     3 |    10 ||    13
Armor: Robe              |    15 |     7 ||    22
Dodge: Dodged            |    41 |    48 ||    89
